 Dungeon Crawl Stone Soup version 0.27-a0-652-g2d5cf1dcd3 (webtiles) character file.

Game seed: 9778153826005660482

9 Ijustatesigmund the Skirmisher (level 2, 24/24 HPs)
             Began as a Demonspawn Fighter on Mar 16, 2021.
             Quit the game on level 1 of the Dungeon.
             The game lasted 00:00:22 (159 turns).

Ijustatesigmund the Skirmisher (Demonspawn Fighter)  Turns: 159, Time: 00:00:22

Health: 24/24      AC:  6    Str: 16    XL:     2   Next: 3%
Magic:  2/2        EV:  7    Int:  9    God:
Gold:   0          SH:  8    Dex: 12    Spells: 1/1 levels left

rFire    . . .     SeeInvis .   a - +0 war axe
rCold    . . .     Faith    .   c - +0 kite shield
rNeg     . . .     Spirit   .   b - +0 scale mail
rPois    .         Reflect  .   (no helmet)
rElec    .         Harm     .   (no cloak)
rCorr    .         Rampage  .   (no gloves)
Will     .....                  (no boots)
Stlth    ..........             (no amulet)
HPRegen  0.08/turn              (no ring)
MPRegen  0.08/turn              (no ring)

@: no status effects
A: talons 1
a: no special abilities


You were on level 1 of the Dungeon.
You visited 1 branch of the dungeon, and saw 1 of its levels.

Inventory:

Hand Weapons
 a - a +0 war axe (weapon)
Armour
 b - a +0 scale mail (worn)
 c - a +0 kite shield (worn)
Potions
 d - a potion of might
 f - a potion of magic {unknown}


   Skills:
 + Level 3.1 Fighting
 * Level 2.2 Axes
 - Level 2.6 Armour
 + Level 0.5 Dodging
 - Level 2.6 Shields


You had one spell level left.
You didn't know any spells.
Your spell library was empty.

Dungeon Overview and Level Annotations

Branches:
Dungeon (1/15)

Altars:


Innate Abilities, Weirdness & Mutations

You have sharp toenails.


Message History

No target in view!
No target in view!
No target in view!
No target in view!
You see here a bat corpse.
You see here a +2 dagger of pain.
Found 23 stones.
f - a viscous cyan potion
As you read the scroll labelled FOMNEA KIPN, it crumbles to dust.
It is a scroll of amnesia.
You feel forgetful for a moment.
You see here 23 stones.
Found 22 stones.
A goblin comes into view.
The goblin shouts!
A giant cockroach comes into view.
A goblin comes into view. It is wielding a +0 dagger.
The goblin shouts!
A rat comes into view.
Found a fuming yellow potion.
The goblin hits you but does no damage. x2
Found a leather armour and 2 throwing nets.
You slash the goblin!
You kill the goblin!
You hit the goblin.
You kill the goblin!
The giant cockroach bites you.
You closely miss the giant cockroach.
The rat twitches its whiskers.
The giant cockroach bites you but does no damage.
You block the rat's attack.
The giant cockroach bites you but does no damage.
You hit the rat.
You kill the rat!
You hit the giant cockroach.
You kill the giant cockroach!
You have reached level 2!
Your demonic ancestry asserts itself...
Your toenails lengthen and sharpen.
Are you sure you want to abandon this character and quit the game? (Confirm with "yes".)

#....## ##.##
..#.## ##.###.#
.# #.#..#
##......# .#
######
##..###### .#
P#P#P###.#.#
#.#####
.......#.#(#
...!...
..PP..<###.#
.......
.......#
#.######.......
.#P#P###
#......@)......
######
#.######(.....[
#.# ....... #.#
....... #.#
....... #.#
..(.... #..
....... ...
......#


There were no monsters in sight!

Vanquished Creatures
  A giant cockroach (D:1)
  4 goblins (D:1)
  A bat (D:1)
  2 rats (D:1)
8 creatures vanquished.

Vanquished Creatures (others)
  2 plants (D:1)
2 creatures vanquished.

Grand Total: 10 creatures vanquished

Notes
Turn   | Place    | Note
-------+----------+-------------------------------------------
     0 | D:1      | Ijustatesigmund the Demonspawn Fighter began the quest for
                  | the Orb.
     0 | D:1      | Reached XP level 1. HP: 18/18 MP: 1/1
   159 | D:1      | Gained mutation: You have sharp toenails. [demonic
                  | ancestry]
   159 | D:1      | Reached XP level 2. HP: 24/24 MP: 2/2
   159 | D:1      | Quit the game

Illustrated notes

Levels and vault maps discovered:
D:1:      minmay_arrival_plants_in_alcoves, layout_loops_ring

Skill      XL: |  1 |
---------------+----+-----
Axes           | 2 |  2.2
Fighting       | |  3.1
Armour         | |  2.6
Dodging        | |  0.5
Shields        | |  2.6

Action                   || total
-------------------------++-------
Melee: War axe           ||    12
  Use: Scroll            ||     1
Armor: Scale mail        ||    10
Dodge: Dodged            ||     1
Block: Kite shield       ||     4

Table legend: (Time is in decaauts)
 A = Elapsed time spent in this place.
 B = Non-inter-level travel time spent in this place.
 C = Inter-level travel time spent in this place.
 D = Time resting spent in this place.
 E = Time spent auto-exploring this place.
 F = Levels seen in this place.
 G = Mean time per level.
                   A        B        C        D        E       F      G
               +--------+--------+--------+--------+--------+-----+--------+
         Total |    167 |    167 |      0 |      0 |    133 |   1 |  167.0 |
       Dungeon |    167 |    167 |      0 |      0 |    133 |   1 |  167.0 |
               +--------+--------+--------+--------+--------+-----+--------+

Top non-repeatable levels by time:
     D:1: 167 daAuts
